 Dungeon Crawl Stone Soup version 0.21.0-3-g78d12a8 (webtiles) character file.

282 rgaf the Sneak (level 6, -2/44 HPs)
             Began as a Vampire Hunter on Jan 11, 2018.
             Was an Initiate of Dithmenos.
             Slain by rgaf's ghost (5 damage)
             ... on level 5 of the Dungeon.
             The game lasted 00:04:56 (5235 turns).

rgaf the Sneak (Vampire Hunter)                     Turns: 5235, Time: 00:04:57

Health: -2/44      AC:  5    Str: 10 (13) XL:     6   Next: 6%
Magic:  6/6        EV: 11    Int: 12 (13) God:    Dithmenos [......]
Gold:   216        SH:  0    Dex: 14 (17) Spells: 5/5 levels left

rFire    . . .     SeeInvis +   j - +2 short sword (speed)
rCold    + . .     Gourm    .   (no shield)
rNeg     + + .     Faith    .   f - +0 ring mail
rPois    +         Spirit   .   (no helmet)
rElec    .         Reflect  .   (no cloak)
rCorr    .         Harm     .   (no gloves)
MR       .....                  (no boots)
Stlth    ++++......             (no amulet)
HPRegen  0.07/turn              l - ring of wizardry
MPRegen  0.10/turn              (no ring)

@: flying, regenerating slowly, hasted, very quick
A: fangs 3, see invisible, agile 1, berserk 1, screaming 1, wild magic 1,
unbreathing, MP-powered wands
a: Bat Form, Renounce Religion


You were on level 5 of the Dungeon.
You worshipped Dithmenos.
Dithmenos was noncommittal.
You were near bloodless.

You visited 1 branch of the dungeon, and saw 6 of its levels.

You collected 216 gold pieces.

Inventory:

Hand Weapons
 a - a +1 shortbow
 b - a +0 short sword
 j - a +2 short sword of speed (weapon)
Missiles
 d - 67 arrows
Armour
 c - a +0 leather armour
 f - a +0 ring mail (worn)
Jewellery
 l - a ring of wizardry (left hand)
Wands
 o - a wand of iceblast (9)
Scrolls
 h - a scroll of enchant weapon {unknown}
 i - 10 scrolls of identify {unknown}
 m - a scroll of immolation {unknown}
 n - a scroll of magic mapping {unknown}
 t - a scroll of noise {unknown}
 u - 2 scrolls of teleportation {unknown}
 v - a scroll of enchant armour {unknown}
 x - a scroll of blinking {unknown}
Potions
 e - 2 potions of blood
 g - a potion of magic
 p - a potion of curing
 w - a potion of degeneration


   Skills:
 - Level 1.7 Fighting
 + Level 4.4 Bows
 - Level 2.1 Dodging
 * Level 7.9 Stealth


You had 5 spell levels left.
You didn't know any spells.

Dungeon Overview and Level Annotations

Branches:
Dungeon (6/15)             Temple (0/1) D:5

Altars:
Cheibriados
Dithmenos
Elyvilon
Fedhas
Hepliaklqana
Nemelex Xobeh
Okawaru

Annotations:
D:5 rgaf's ghost, novice DrEE


Innate Abilities, Weirdness & Mutations

You heal slowly.
You have razor-sharp teeth.
You have supernaturally acute eyesight. (SInv)
You can survive without breathing.
You are agile. (Dex +2)
You tend to lose your temper in combat.
You occasionally shout uncontrollably at your foes.
Your spells are a little harder to cast, but a little more powerful.
You expend magic power (3 MP) to strengthen your wands.


Message History

* * * LOW HITPOINT WARNING * * *
You closely miss rgaf's ghost.
Rgaf's ghost is almost destroyed.
You closely miss rgaf's ghost.
You bite rgaf's ghost, but do no damage.
Rgaf's ghost is almost destroyed.
Rgaf's ghost gestures at you while chanting.
The blast of sand hits you!
* * * LOW HITPOINT WARNING * * *
You hit rgaf's ghost.
Rgaf's ghost is almost destroyed.
You hit rgaf's ghost but do no damage.
Rgaf's ghost is almost destroyed.
Rgaf's ghost completely misses you.
You hit rgaf's ghost but do no damage.
Rgaf's ghost is almost destroyed.
You hit rgaf's ghost.
Rgaf's ghost is almost destroyed.
Rgaf's ghost hits you.
You die...

....# #.# #.# ###.#####.#
#.### #.......#.#####...#
#####...........#.# ##
#....###.##.##.## ..<
##....#.........#....
###..............# ...
.>#....##..⌠...⌠..#......
.#####.##......@..###...
8 ####.....[.>..W........
#.....#.........#..#...
##.#.##..⌠...⌠.$#......
#####.#...............##
.........#.........#..
#####.#..##.##.##.####
#.#####..#.##.# #.#
##.#.....


You could see rgaf's ghost.

Vanquished Creatures
  A centaur zombie (D:5)
  A crimson imp (D:4)
  A gnoll shaman (D:3)
  An iguana (D:4)
  An orc wizard (D:3)
  2 gnolls (D:4)
  5 adders
  A shadow imp (D:5)
  A worm (D:2)
  2 dart slugs (D:1)
  A leopard gecko (D:1)
  8 orcs
  4 bats
  3 giant cockroaches
  7 hobgoblins
  4 frilled lizards
  7 goblins
  10 kobolds
  3 rats
63 creatures vanquished.

Notes
Turn   | Place    | Note
-------+----------+-------------------------------------------
     0 | D:1      | rgaf the Vampire Hunter began the quest for the Orb.
     0 | D:1      | Reached XP level 1. HP: 16/16 MP: 1/1
   255 | D:1      | Reached skill level 2 in Stealth
   405 | D:1      | Reached XP level 2. HP: 22/22 MP: 2/2
   427 | D:1      | Reached skill level 3 in Stealth
  1015 | D:2      | Reached XP level 3. HP: 22/27 MP: 3/3
  1080 | D:2      | Reached skill level 4 in Stealth
  1109 | D:2      | Found a hazy altar of Hepliaklqana.
  1681 | D:3      | Reached skill level 5 in Stealth
  1697 | D:3      | Reached XP level 4. HP: 18/33 MP: 4/4
  2094 | D:3      | Gained mutation: You occasionally shout uncontrollably at your foes. [potion of mutation]
  2094 | D:3      | Gained mutation: You are agile. (Dex +2) [potion of mutation]
  2094 | D:3      | Gained mutation: You expend magic power (3 MP) to strengthen your wands. [potion of mutation]
  2094 | D:3      | Gained mutation: You evolve. [potion of mutation]
  2167 | D:3      | Reached skill level 6 in Stealth
  2422 | D:4      | Reached XP level 5. HP: 38/38 MP: 5/5
  2502 | D:4      | Found a shadowy altar of Dithmenos.
  2591 | D:4      | Became a worshipper of Dithmenos the Shadowed
  2686 | D:3      | Reached skill level 7 in Stealth
  2999 | D:3      | Gained mutation: Your spells are a little harder to cast, but a little more powerful. [evolution]
  3566 | D:4      | Found a snail-covered altar of Cheibriados.
  3900 | D:5      | Entered Level 5 of the Dungeon
  3968 | D:5      | Found a sparkling altar of Nemelex Xobeh.
  4097 | D:5      | Reached XP level 6. HP: 29/44 MP: 6/6
  4348 | D:5      | Found a blossoming altar of Fedhas.
  4383 | D:5      | Found a staircase to the Ecumenical Temple.
  4418 | D:5      | Noticed rgaf's ghost (novice DrEE)
  4479 | D:5      | Found a white marble altar of Elyvilon.
  4480 | D:5      | Found an iron altar of Okawaru.
  5152 | D:5      | Gained mutation: You tend to lose your temper in combat. [evolution]
  5152 | D:5      | Lost mutation: You evolve. [end of evolution]
  5235 | D:5      | Slain by rgaf's ghost

Skill      XL: |  1  2  3  4  5 |
---------------+----------------+-----
Stealth        | 2 3 5 6 7 |  7.9
Bows           | 4 |  4.4
Fighting       | |  1.7
Dodging        | |  2.1

Action                   |  1- 3 |  4- 6 || total
-------------------------+-------+-------++-------
Melee: Short sword       |   151 |   169 ||   320
       Bite              |     9 |    18 ||    27
 Abil: End Transformatio |       |     1 ||     1
       Bat Form          |       |     1 ||     1
  Use: Potion            |       |    19 ||    19
 Stab: Sleeping          |     5 |     5 ||    10
Armor: Ring mail         |    47 |    33 ||    80
       Leather armour    |     1 |       ||     1
Dodge: Dodged            |    92 |    66 ||   158
